 Dungeon Crawl Stone Soup version 0.16-a0-3606-g1520cdc (webtiles) character file.

388 PolkaDot the Cutter (level 6, -8/47 HPs)
             Began as a Vampire Gladiator on Jan 13, 2015.
             Mangled by an ogre
             ... wielding a +0 giant club
              (27 damage)
             ... on level 4 of the Dungeon.
             The game lasted 00:09:53 (3978 turns).

PolkaDot the Cutter (Vampire Gladiator)             Turns: 3978, Time: 00:09:54

Health: -8/47      AC:  3    Str: 14    XL:     6   Next: 49%
Magic:  7/7        EV: 14    Int: 10    God:
Gold:   190        SH:  0    Dex: 18    Spells: 0 memorised, 5 levels left

rFire  . . .     SeeInvis +     a - +0 rapier
rCold  . . .     Clarity  .     b - +0 leather armour
rNeg   . . .     SustAb   .     (no shield)
rPois  .         Gourm    .     h - -2 helmet
rElec  .         Spirit   .     r - +0 cloak {+Inv}
rCorr  .         Warding  .     (no gloves)
rMut   .         Stasis   .     (no boots)
MR     .....                    (no amulet)
Stlth  +.........               (no ring)
                                s - +2 ring of dexterity

@: regenerating quickly, not resistant to hostile enchantments, very unstealthy
A: bottle blood, fangs 3, see invisible, unbreathing
a: Evoke Invisibility


You were on level 4 of the Dungeon.
You were very full.

You visited 1 branch of the dungeon, and saw 4 of its levels.

You collected 190 gold pieces.

Inventory:

Hand weapons
 a - a +0 rapier (weapon)
Missiles
 d - a throwing net (quivered)
Armour
 b - a +0 leather armour (worn)
 c - a +0 helmet
 h - a -2 helmet (worn)
 r - a +0 cloak of invisibility (worn)
Jewellery
 q - a +1 ring of intelligence {unknown}
 s - a +2 ring of dexterity (left hand)
Magical devices
 o - a wand of paralysis (23)
Scrolls
 e - a scroll of teleportation {unknown}
 f - 2 scrolls of remove curse
 g - a scroll of immolation
 i - a scroll of identify {unknown}
 j - a scroll of enchant armour {unknown}
 k - a scroll of random uselessness {unknown}
 l - 2 scrolls of fog
 m - 3 scrolls of amnesia {unknown}
 n - 2 scrolls of magic mapping {unknown}
 u - 2 scrolls of blinking {unknown}
Potions
 p - 13 potions of blood {@*1}
 t - a potion of restore abilities {unknown}


   Skills:
 + Level 3.3 Fighting
 * Level 6.4 Short Blades
 - Level 1.5 Throwing
 - Level 4.1 Dodging
 + Level 1.9 Evocations


You had 5 spell levels left.
You didn't know any spells.

Dungeon Overview and Level Annotations

Branches:
Dungeon (4/15)
 Temple: D:4-7

Altars:
Trog
The Shining One


Innate Abilities, Weirdness & Mutations

Your natural rate of healing is unusually fast.
You can bottle blood from corpses.
You have razor-sharp teeth.
You have supernaturally acute eyesight.
You can survive without breathing.


Message History

Press: ? - help, Shift-Dir - straight line, f - ogre
Aim: an ogre, wielding a giant club (lightly wounded)
You throw a throwing net. The throwing net hits the ogre.
The ogre is caught in the net!
The ogre is lightly wounded.
The ogre struggles against the net.
You hit the ogre but do no damage.
The ogre is lightly wounded.
You hit the ogre.
The ogre is lightly wounded.
The ogre struggles against the net.
You hit the ogre.
The ogre is moderately wounded.
The ogre struggles against the net.
The net rips apart, and the ogre comes free!
You hit the ogre but do no damage.
The ogre is moderately wounded.
The ogre hits you with a giant club!!
Ouch! That really hurt!
You die...

#### ### ...... #.# ### ####
....... #.## ##.# #..##
.......###..## ##.## ###.####
.....<.^.....## ##.## ##.....
......##.###..####.## ##......
.....##..# #...O@..## ##.......
.....##.## #........## ##........
....##..# #...#.....###.........
...##..## #.....................
#####(.# #....#................
####..## #.....................
......## #.....................
.......## #......##.............
..###...####......####...........


You could see an ogre.

Vanquished Creatures
  Grinder (D:3)
  Crazy Yiuf (D:2)
  Robin (D:2)
  5 adders
  3 giant mites
  A worm (D:2)
  A giant gecko (D:3)
  3 orcs (D:3)
  10 bats
  4 giant cockroaches
  8 goblins
  7 hobgoblins
  15 jackals
  3 kobolds
  2 quokkas
  3 ball pythons
  2 giant newts
  10 rats
80 creatures vanquished.

Notes
Turn   | Place    | Note
--------------------------------------------------------------
     0 | D:1      | PolkaDot, the Vampire Gladiator, began the quest for the Orb.
     0 | D:1      | Reached XP level 1. HP: 16/16 MP: 1/1
   247 | D:1      | Reached XP level 2. HP: 20/22 MP: 2/2
   389 | D:1      | Reached skill level 4 in Short Blades
  1005 | D:2      | Reached XP level 3. HP: 18/27 MP: 3/3
  1144 | D:2      | Noticed Robin
  1178 | D:2      | Killed Robin
  1223 | D:2      | Reached XP level 4. HP: 30/34 MP: 4/4
  1931 | D:2      | Noticed Crazy Yiuf
  1942 | D:2      | Killed Crazy Yiuf
  1942 | D:2      | Reached skill level 5 in Short Blades
  2347 | D:3      | Noticed Grinder
  2375 | D:3      | Paralysed by Grinder for 5 turns
  2382 | D:3      | Paralysed by Grinder for 3 turns
  2420 | D:3      | Paralysed by Grinder for 7 turns
  2434 | D:3      | Paralysed by Grinder for 5 turns
  2447 | D:3      | Killed Grinder
  2447 | D:3      | Reached skill level 6 in Short Blades
  2447 | D:3      | Reached skill level 1 in Evocations
  2447 | D:3      | Reached XP level 5. HP: 25/41 MP: 4/6
  2447 | D:3      | Reached XP level 6. HP: 28/47 MP: 4/7
  2592 | D:3      | Found a glowing golden altar of the Shining One.
  2607 | D:3      | Found a bloodstained altar of Trog.
  2986 | D:4      | HP: 2/47 [cloud of flame (13)]
  3978 | D:4      | Mangled by an ogre

Action                   |  1- 3 |  4- 6 || total
-------------------------+-------+-------++-------
Melee: Rapier            |   120 |   202 ||   322
Throw: Throwing net      |       |    12 ||    12
  Use: Potion            |    14 |    18 ||    32
       Scroll            |     1 |     2 ||     3
 Stab: Invisible         |     2 |       ||     2
       Held in net/web   |       |     1 ||     1
